 Dungeon Crawl Stone Soup version 0.24-a0-361-g5716139 (webtiles) character file.

Game seed: 4369858836281761009

478 Sormo the Covert (level 6, 0/47 HPs)
             Began as a Vampire Assassin on May 26, 2019.
             Was a Follower of Yredelemnul.
             Succumbed to a worker ant's poison
             ... on level 4 of the Dungeon on May 27, 2019.
             The game lasted 00:25:33 (4791 turns).

Sormo the Covert (Vampire Assassin)                 Turns: 4791, Time: 00:25:34

Health: 0/47       AC:  4    Str: 10    XL:     6   Next: 86%
Magic:  6/6        EV: 13    Int: 14    God:    Yredelemnul [*.....]
Gold:   217        SH:  0    Dex: 17    Spells: 5/5 levels left

rFire    . . .     SeeInvis +   a - +2 dagger
rCold    . . .     Gourm    .   (no shield)
rNeg     + . .     Faith    .   b - +0 robe
rPois    .         Spirit   .   (no helmet)
rElec    .         Reflect  .   c - +0 cloak
rCorr    .         Harm     .   i - +0 pair of gloves
MR       .....                  (no boots)
Stlth    ++++......             (no amulet)
HPRegen  0.15/turn              (no ring)
MPRegen  0.10/turn              (no ring)

@: lethally poisoned (0 -> -14)
A: fangs 3, see invisible, unbreathing
a: Bat Form, Animate Remains, Renounce Religion


You were on level 4 of the Dungeon.
You worshipped Yredelemnul.
Yredelemnul was aware of your devotion.
You were not thirsty.

You visited 1 branch of the dungeon, and saw 5 of its levels.

You collected 217 gold pieces.

Inventory:

Hand Weapons
 a - a +2 dagger (weapon)
 m - a +3 mace
 s - a +0 dagger
Missiles
 d - 43 poisoned darts (quivered)
 v - 6 atropa-tipped darts
Armour
 b - a +0 robe (worn)
 c - a +0 cloak (worn)
 h - a +0 cloak
 i - a +0 pair of gloves (worn)
Wands
 u - a wand of clouds (4)
Scrolls
 g - 4 scrolls of identify
 l - 5 scrolls of magic mapping {unknown}
 n - a scroll of enchant armour {unknown}
 r - 2 scrolls of random uselessness {unknown}
 t - a scroll of remove curse {unknown}
 w - a scroll of fear {unknown}
 x - a scroll of fog {unknown}
 y - a scroll of teleportation {unknown}
Potions
 f - a potion of flight
 j - a potion of invisibility {unknown}
 k - 2 potions of mutation {unknown}
 o - 2 potions of berserk rage
 p - 2 potions of haste {unknown}
 q - 2 potions of lignification {unknown}


   Skills:
 + Level 3.2 Fighting
 + Level 4.9 Short Blades
 + Level 1.8 Throwing
 + Level 2.9 Dodging
 + Level 8.4 Stealth
 + Level 1.1 Invocations


You had 5 spell levels left.
You didn't know any spells.
Your spell library was empty.

Dungeon Overview and Level Annotations

Branches:
Dungeon (5/15)             Temple (0/1) D:4

Altars:
Nemelex Xobeh
Okawaru
Sif Muna
Trog
Xom
Yredelemnul


Innate Abilities, Weirdness & Mutations

You have razor-sharp teeth.
You have supernaturally acute eyesight. (SInv)
You can survive without breathing.


Message History

* * * LOW HITPOINT WARNING * * *
The adder bites you.
* * * LOW HITPOINT WARNING * * *
You are more poisoned.
The adder poisons you!
You climb upwards.
* * * LOW HITPOINT WARNING * * *
You feel sick.
There is a stone staircase leading down here.
* * * LOW HITPOINT WARNING * * *
You feel sick. The adder bites you but does no damage.
The adder barely misses you.
Your orc zombie hits the adder with a +0 hand axe.
Your orc zombie hits the worker ant but does no damage.
The worker ant bites you.
* * * LOW HITPOINT WARNING * * *
You are more poisoned.
The worker ant poisons you!
You die...
Yredelemnul claims you as an undead slave.

#.......................+
#.##................###.#
#.##.#...#......###.# #.#
#.##................###.#
#.####...##.###.........#
#...........#(....#......
####..#aSY........'......
#..#Z..###...#.#......
#..#.@.........#######
#..#..####..[.........
####....<#............
#.######...........
#.........####'####
###########.......#
#.......# #...Z...#
#.......#


You could see an ice beast, a worker ant, an adder and a friendly orc zombie.

Vanquished Creatures
  2 ogres (D:4)
  A bullfrog skeleton (D:4)
  2 orc priests
  An orc wizard (D:3)
  An iguana (D:4)
  A worker ant (D:4)
  A gnoll (D:4)
  3 adders
  3 worms
  2 dart slugs (D:1)
  3 leopard geckos
  12 orcs
  5 bats
  4 giant cockroaches
  3 hobgoblins (D:1)
  5 jackals
  5 quokkas
  4 frilled lizards
  4 goblins
  5 kobolds
  9 rats
76 creatures vanquished.

Vanquished Creatures (collateral kills)
  An orc wizard (D:4)
  3 orcs (D:4)
4 creatures vanquished.

Vanquished Creatures (others)
  An ogre zombie (D:4)
  A frilled lizard skeleton (D:4)
  A giant cockroach zombie (D:4)
  An orc zombie (D:4)
4 creatures vanquished.

Grand Total: 84 creatures vanquished

Notes
Turn   | Place    | Note
-------+----------+-------------------------------------------
     0 | D:1      | Sormo the Vampire Assassin began the quest for the Orb.
     0 | D:1      | Reached XP level 1. HP: 16/16 MP: 1/1
    51 | D:1      | Reached skill level 6 in Stealth
   130 | D:1      | Reached XP level 2. HP: 22/22 MP: 2/2
   565 | D:1      | Reached XP level 3. HP: 27/27 MP: 3/3
  1000 | D:2      | Reached skill level 7 in Stealth
  1010 | D:2      | HP: 1/27 [orc priest/divine providence (17)]
  1251 | D:2      | Found a basalt altar of Yredelemnul.
  1274 | D:2      | Became a worshipper of Yredelemnul the Dark
  1458 | D:2      | Reached XP level 4. HP: 22/33 MP: 4/4
  1641 | D:2      | Found a faded altar of an unknown god.
  2629 | D:3      | Reached XP level 5. HP: 25/39 MP: 5/5
  2703 | D:3      | Reached * piety under Yredelemnul
  3365 | D:4      | Noticed an ogre
  3674 | D:4      | Noticed an ogre
  3677 | D:4      | Killed an ogre
  3677 | D:4      | Reached XP level 6. HP: 47/47 MP: 6/6
  3780 | D:4      | Found a deep blue altar of Sif Muna.
  3836 | D:4      | Reached skill level 8 in Stealth
  4218 | D:4      | Found a shimmering altar of Xom.
  4387 | D:4      | Reached skill level 1 in Invocations
  4417 | D:4      | Found a sparkling altar of Nemelex Xobeh.
  4554 | D:4      | Found a bloodstained altar of Trog.
  4555 | D:4      | Found an iron altar of Okawaru.
  4697 | D:4      | Found a staircase to the Ecumenical Temple.
  4768 | D:5      | Entered Level 5 of the Dungeon
  4772 | D:5      | Noticed an ice beast
  4790 | D:4      | HP: 2/47 [poisoned by an adder]
  4791 | D:4      | Succumbed to a worker ant's poison

Levels and vault maps discovered:
D:1:      grunt_arrival_crossed_arrows, layout_loops_ring, minmay_tromino_v4_c
D:2:      layout_loops_ring, old_standard_altar,
          chequers_ecumenical_altar_island
D:3:      layout_basic, minmay_pentomino_pile
D:4:      layout_basic, lemuel_round_altar, old_standard_altar, kennysheep_mini,
          grunt_temple_overflow_bloody_war, temple_green, first_ration
D:5:      layout_rooms, kennysheep_little_box, nrook_mini_vaults

Skill      XL: |  1  2  3  4  5  6 |
---------------+-------------------+-----
Stealth        | 6 7 8 |  8.4
Fighting       | 2 3 |  3.2
Short Blades   | 3 4 |  4.9
Dodging        | 2 |  2.9
Invocations    | 1 |  1.1
Throwing       | |  1.8

Action                   |  1- 3 |  4- 6 || total
-------------------------+-------+-------++-------
Melee: Dagger            |    95 |   208 ||   303
       Bite              |     7 |    26 ||    33
Throw: Dart              |       |    10 ||    10
Invok: Animate Remains   |       |     8 ||     8
  Use: Potion            |       |     3 ||     3
       Scroll            |       |     1 ||     1
 Stab: Sleeping          |     5 |    10 ||    15
       Distracted        |       |     1 ||     1
  Eat: Corpse            |    11 |     7 ||    18
Armor: Robe              |    21 |    21 ||    42
Dodge: Dodged            |    50 |   103 ||   153

Table legend:
 A = Non-vault XP
 B = Vault XP
 C = Vault XP percentage of total XP
 D = Non-vault monster count
 E = Vault monster count
 F = Vault count percentage of total count
                 A         B        C        D         E       F
            +---------+---------+-------+---------+---------+-------
      Total |     657 |      27 |   3.9 |      73 |       7 |   8.8
            +---------+---------+-------+---------+---------+-------
        D:1 |      39 |       3 |   7.1 |      22 |       2 |   8.3
        D:2 |      77 |       0 |   0.0 |      14 |       0 |   0.0
        D:3 |      82 |      10 |  10.9 |      14 |       4 |  22.2
        D:4 |     415 |      14 |   3.3 |      21 |       1 |   4.5
        D:5 |      44 |       0 |   0.0 |       2 |       0 |   0.0
            +---------+---------+-------+---------+---------+-------
